 Dungeon Crawl Stone Soup version 0.31-a0-1611-g890cdf5628 (webtiles) character file.

Game seed: 4636756234880561983

170 zenocrate the Ruffian (level 5, -3/40 HPs)
             Began as a Vine Stalker Chaos Knight on Jan 8, 2024.
             Was a Plaything of Xom.
             Slain by a polar bear (7 damage)
             ... on level 2 of the Dungeon.
             The game lasted 00:01:44 (1240 turns).

zenocrate the Ruffian (Vine Stalker Chaos Knight)   Turns: 1240, Time: 00:01:45

Health: -3/40      AC: 22    Str: 14    XL:     5   Next: 50%
Magic:  0/6        EV:  2    Int: 15    God:    Xom [.*....]
Gold:   81         SH:  0    Dex: 17    Spells: 4/4 levels left

rFire   . .          .
                       - Unarmed
rCold   . . .        (no shield)
rNeg    . . .        a - melded +2 leather armour
rPois   +            (helmet currently unavailable)
rElec   .            (cloak currently unavailable)
rCorr   .            (gloves currently unavailable)
SInv    .            (boots currently unavailable)
Will    +....        (no amulet)
Stlth   ++           h - ring of willpower
HPRegen 1.06/turn    (no ring)
MPRegen 0.10/turn

%: guardian spirit
@: tree-form
A: stationary, stasis, torment immunity, boosted hp, (fangs 2), regeneration 1,
magic shield, (antimagic bite), no potion heal 2, agile 1, clever 1
a: Renounce Religion


You were on level 2 of the Dungeon.
You worshipped Xom.
You were a plaything of Xom.
You were a tree.
You visited 1 branch of the dungeon, and saw 2 of its levels.

You collected 81 gold pieces.

Inventory:

Armour
 a - a +2 leather armour (melded)
Jewellery
 h - a ring of willpower (left branch)
 i - a ring of fire
Scrolls
 c - 2 scrolls of identify {unknown}
 e - a scroll of poison {unknown}
 g - 2 scrolls of amnesia {unknown}
 k - a scroll of fear {unknown}
Potions
 b - a potion of curing {unknown}
 d - 2 potions of lignification
 f - a potion of haste {unknown}
 j - a potion of degeneration {unknown}
 l - a potion of brilliance {unknown}


   Skills:
 - Level 2.6 Fighting
 - Level 1.5 Armour
 - Level 0.7 Dodging
 * Level 6.0 Unarmed Combat


You had 4 spell levels left.
You didn't know any spells.
Your spell library contained the following spells:

 Spells                   Type           Power      Damage    Failure   Level
 Freeze                   Ice            0%         1d3       26%         1
 Frozen Ramparts          Ice            0%         1d1       63%         3
 Hailstorm                Conj/Ice       0%         3d5       63%         3


Dungeon Overview and Level Annotations

Branches:
Dungeon (2/15)

Altars:


Innate Abilities, Weirdness & Mutations

You are a tree.
Your roots penetrate the ground, keeping you stationary.
You cannot be teleported.
You are immune to unholy pain and torment.
Your maximum health is greatly increased.
Your equipment is partially melded.
((You have extremely sharp teeth.))
Your natural rate of healing is unusually fast.
When hurt, damage is shared between your health and your magic reserves.
((Your bite disrupts and absorbs the magic of your enemies.))
Potions cannot restore your health.
You are agile. (Dex +4, Str/Int -1)
Your mind is acute. (Int +4, Str/Dex -1)


Message History

You completely miss the polar bear.
The polar bear is severely wounded.
The polar bear bites you!
* * * LOW HITPOINT WARNING * * *
The polar bear claws you but does no damage. x2
You are too injured to fight recklessly!
You barely miss the polar bear. Your punch misses the polar bear.
The polar bear is severely wounded.
Unknown command.
You barely miss the polar bear.
The polar bear is severely wounded.
The polar bear bites you but does no damage.
The polar bear claws you but does no damage. x2
Unknown command.
Unknown command.
You barely miss the polar bear.
The polar bear is severely wounded.
The polar bear goes berserk!
Unknown command.
You smack the polar bear!
The polar bear is almost dead.
The polar bear bites you!
* * * LOW HITPOINT WARNING * * *
The polar bear claws you but does no damage. x2
The polar bear completely misses you.
The polar bear claws you but does no damage. x2
Unknown command.
You barely miss the polar bear.
The polar bear is almost dead.
The polar bear bites you.
* * * LOW HITPOINT WARNING * * *
The polar bear claws you but does no damage.
The polar bear barely misses you.
Unknown command.
Unknown command.
You hit the polar bear.
The polar bear is almost dead.
The polar bear bites you!
You die...
Xom thinks this is hilarious!

<#[##### #.......#....
##.# #.......#.)#. ...#
#.......#.... ####
######### #.......#####
. #.......# #.#...###
.##.#####.# #.#...# ##
........#.###.#...#####
.#
####.....#.....#.......#
.#
........h♣######.))....#
.# ..........# #.......#
.#############.#.#
#.......#
.............#.#.#
#.......#
.#####.......#.#.#
#.......#
.#####.......#.#..
#.......#
....##.......#.###
#.......#
....##.........###
#.......#
....##...........#
#########


You could see a polar bear (berserk).

Vanquished Creatures
  Natasha (thrice) (D:2)
  Terence (D:2)
  2 adders (D:2)
  A ribbon worm (D:2)
  An orc (D:2)
  5 ball pythons
  5 endoplasms
  9 goblins
  9 hobgoblins
  2 quokkas (D:1)
  4 bats (D:1)
  5 frilled lizards
  2 kobolds
  3 rats
52 creatures vanquished.

Notes
Turn   | Place    | Note
-------+----------+-------------------------------------------
     0 | D:1      | zenocrate the Vine Stalker Chaos Knight began the quest for
                  | the Orb.
     0 | D:1      | Reached XP level 1. HP: 11/11 MP: 2/2
    29 | D:1      | XOM: silly message
    42 | D:1      | XOM: silly message
    87 | D:1      | Reached XP level 2. HP: 16/16 MP: 1/3
   256 | D:1      | Reached skill level 4 in Unarmed Combat
   291 | D:1      | Reached XP level 3. HP: 19/19 MP: 4/4
   387 | D:1      | XOM is BORED!
   387 | D:1      | XOM: silly message
   657 | D:2      | an adder changed into a polar bear
   657 | D:2      | Noticed a polar bear
   657 | D:2      | XOM: polymorph adder -> polar bear
   658 | D:2      | XOM: blink monster(s)
   754 | D:2      | Noticed Terence
   759 | D:2      | Killed Terence
   760 | D:2      | Reached XP level 4. HP: 17/23 MP: 3/5
   798 | D:2      | Noticed Natasha
   819 | D:1      | XOM: give mutations
   819 | D:1      | Gained mutation: You have a pair of small horns on your
                  | head. [Xom's mischief]
   819 | D:1      | Gained mutation: You are agile. (Dex +4, Str/Int -1) [Xom's
                  | mischief]
   845 | D:2      | Killed Natasha
   846 | D:2      | Reached skill level 5 in Unarmed Combat
   850 | D:2      | Noticed Natasha
   864 | D:2      | Killed Natasha
   891 | D:2      | Reached XP level 5. HP: 20/27 MP: 6/6
   943 | D:2      | Noticed Natasha
   973 | D:2      | Killed Natasha
  1111 | D:2      | Reached skill level 6 in Unarmed Combat
  1126 | D:2      | XOM is BORED!
  1126 | D:2      | XOM: give mutations
  1126 | D:2      | Gained mutation: You occasionally lose the ability to drink
                  | potions when taking damage. [Xom's mischief]
  1126 | D:2      | Lost mutation: You have a pair of small horns on your head.
                  | [Xom's mischief]
  1139 | D:2      | XOM: give mutations
  1139 | D:2      | Gained mutation: You have hidden genetic defects. [Xom's
                  | mischief]
  1139 | D:2      | Lost mutation: You occasionally lose the ability to drink
                  | potions when taking damage. [Xom's mischief]
  1139 | D:2      | Lost mutation: You have hidden genetic defects. [Xom's
                  | mischief]
  1139 | D:2      | Gained mutation: Your mind is acute. (Int +4, Str/Dex -1)
                  | [Xom's mischief]
  1240 | D:2      | Slain by a polar bear

Illustrated notes

Levels and vault maps discovered:
D:1:      mrwooster_arrival_arrow, layout_basic
D:2:      layout_basic, uniq_natasha, uniq_terence

Skill      XL: |  1  2  3  4  5 |
---------------+----------------+-----
Unarmed Combat | 4 5 6 |  6.0
Fighting       | |  2.6
Armour         | |  1.5
Dodging        | |  0.7

Action                     |  1- 3 |  4- 6 || total
---------------------------+-------+-------++-------
  Melee: Unarmed           |   102 |    73 ||   175
         Bite              |    17 |    12 ||    29
         Punch             |     2 |     2 ||     4
         Headbutt          |       |     6 ||     6
    Use: Scroll            |     1 |       ||     1
         Potion            |       |     1 ||     1
 Armour: Leather armour    |    47 |    31 ||    78
         Skin              |       |    35 ||    35
  Dodge: Dodged            |    56 |    30 ||    86

Table legend: (Time is in decaauts)
 A = Elapsed time spent in this place.
 B = Non-inter-level travel time spent in this place.
 C = Inter-level travel time spent in this place.
 D = Time resting spent in this place.
 E = Time spent auto-exploring this place.
 F = Levels seen in this place.
 G = Mean time per level.
                   A        B        C        D        E       F      G
               +--------+--------+--------+--------+--------+-----+--------+
         Total |   1226 |   1182 |     44 |      0 |    784 |   2 |  613.0 |
       Dungeon |   1226 |   1182 |     44 |      0 |    784 |   2 |  613.0 |
               +--------+--------+--------+--------+--------+-----+--------+

Top non-repeatable levels by time:
     D:1: 705 daAuts
     D:2: 520 daAuts
